 Dungeon Crawl Stone Soup version 0.29-a0-222-g5b244fca1f (webtiles) character file.

Game seed: 8693764835688492802

3087 bande the Cleaver (level 9, 0/56 HPs)
             Began as a Gargoyle Fighter on Feb 28, 2022.
             Was a Believer of Okawaru.
             Slain by a steam dragon (5 damage)
             ... on level 7 of the Dungeon.
             The game lasted 00:17:03 (10790 turns).

bande the Cleaver (Gargoyle Fighter)               Turns: 10790, Time: 00:17:04

Health: 0/56       AC: 20    Str: 23    XL:     9   Next: 89%
Magic:  11/11      EV: 13    Int:  9    God:    Okawaru [**....]
Gold:   380        SH:  5    Dex: 13    Spells: 8/8 levels left

rFire   . . .      SeeInvis +   a - +0 war axe
rCold   . . .      Faith    .   c - +0 buckler
rNeg    + . .      Spirit   .   b - +0 scale mail
rPois   ∞          Reflect  .   f - +2 helmet
rElec   +          Harm     .   s - +0 cloak
rCorr   .          Rampage  .   (no gloves)
Will    +....                   e - +0 pair of boots of a Labyrinth {rPois Str+3 SInv}
Stlth   ..........              (no amulet)
HPRegen 0.18/turn               l - ring of willpower
MPRegen 0.12/turn               t - +4 ring of evasion

@: no status effects
A: sickness immunity, AC +6, negative energy resistance 1, electricity
resistance, torment resistance 1, petrification resistance
a: Renounce Religion, Heroism


You were on level 7 of the Dungeon.
You worshipped Okawaru.
Okawaru was pleased with you.
You visited 2 branches of the dungeon, and saw 9 of its levels.

You collected 380 gold pieces.

Inventory:

Hand Weapons
 a - a +0 war axe (weapon)
 i - a +0 flail
 j - a +0 war axe
Armour
 b - a +0 scale mail (worn)
 c - a +0 buckler (worn)
 e - the +0 pair of boots of a Labyrinth (worn) {rPois Str+3 SInv}
   (You acquired it on level 2 of the Dungeon)

   Str:       It affects your strength (+3).
   rPois:     It protects you from poison.
   SInv:      It lets you see invisible.
 f - a +2 helmet (worn)
 g - a +2 hat
 s - a +0 cloak (worn)
Jewellery
 l - a ring of willpower (left hand)
 p - a +6 ring of intelligence
 q - a ring of ice
 t - a +4 ring of evasion (right hand)
Scrolls
 m - 2 scrolls of teleportation
 u - a scroll of identify
Potions
 d - a potion of might
 h - a potion of flight
 k - a potion of cancellation
 n - a potion of invisibility


   Skills:
 + Level 6.5 Fighting
 + Level 8.8 Axes
 + Level 7.5 Armour
 + Level 5.4 Shields
 * Level 3.8 Invocations


You had 8 spell levels left.
You didn't know any spells.
Your spell library contained the following spells:

 Spells                   Type           Power      Damage    Failure   Level
 Beastly Appendage        Tmut           0%         N/A       75%         1
 Pain                     Necr           0%         1d4       75%         1
 Wereblood                Tmut           0%         N/A       87%         2
 Conjure Flame            Conj/Fire      0%         6-21      98%         3
 Ignite Poison            Fire/Tmut/Pois 0%         N/A       98%         3
 Spider Form              Tmut/Pois      0%         N/A       98%         3
 Vampiric Draining        Necr           0%         2d6       98%         3
 Sticky Flame             Conj/Fire      0%         2d3       100%        4
 Animate Skeleton         Necr           Unusable   N/A       N/A         1

Dungeon Overview and Level Annotations

Branches:
Dungeon (8/15)             Temple (1/1) D:4
   Lair: D:8-11

Altars:
Ashenzari
Cheibriados
Gozag
Kikubaaqudgha
Nemelex Xobeh
Okawaru
Ru
Sif Muna
Trog
Wu Jian
Xom
Zin
The Shining One

Shops:
D:7 =


Innate Abilities, Weirdness & Mutations

You are immune to sickness and miasma.
Your stone body is resilient. (AC +6)
You are immune to poison.
You resist negative energy. (rN+)
You are resistant to electric shocks. (rElec)
You are resistant to unholy torment.
You are immune to petrification.


Message History

The ball of steam hits you.
* * * LOW HITPOINT WARNING * * *
You hit the steam dragon but do no damage.
The steam dragon bites you but does no damage.
The steam dragon completely misses you.
Unknown command.
You feel better.
The steam dragon bites you but does no damage.
The steam dragon claws you but does no damage.
You hit the steam dragon.
The steam dragon is lightly wounded.
The steam dragon misses you. x2
You slash the steam dragon!
The steam dragon is heavily wounded.
The steam dragon closely misses you. The steam dragon misses you.
You hit the steam dragon.
The steam dragon is heavily wounded.
You block the steam dragon's attack. x2
You hit the steam dragon but do no damage.
The steam dragon is heavily wounded.
The steam dragon breathes steam at you. The ball of steam hits you.
You hit the steam dragon.
The steam dragon is heavily wounded.
You are engulfed in a cloud of scalding steam.
* * * LOW HITPOINT WARNING * * *
The steam dragon misses you. The steam dragon closely misses you.
You hit the steam dragon but do no damage.
The steam dragon is heavily wounded.
The steam dragon bites you but does no damage.
The steam dragon claws you but does no damage.
The steam dragon breathes steam at you. The ball of steam hits you!
* * * LOW HITPOINT WARNING * * *
You barely miss the steam dragon.
The steam dragon is heavily wounded.
You are engulfed in a cloud of scalding steam.
* * * LOW HITPOINT WARNING * * *
The steam dragon bites you.
You die...

#...........(.#........#..)...
#.............#........#......
#.............#........#......
#.............#........#......
#.............'........#......
#.....##.....##........#......
#.....##.....##........##....#
#.............#........#######
#....)......D@#.........#.....
#...........[>#.........#?....
#...)........)#.........#.....
#.....##.....##.........#.....
#.....##.....##.........#.....
#.....#.................#.....
#.....#.................#.....
#.....#.................#.....
#.....#.................#.....


You could see a steam dragon (catching breath).

Vanquished Creatures
  Eustachio (D:4)
  A steam dragon (D:7)
  2 water moccasins (D:7)
  Duvessa (D:4)
  A black bear (D:3)
  An ice beast (D:6)
  An orc warrior (D:7)
  4 ogres
  A centaur (D:5)
  A kobold brigand (D:7)
  Blork the orc (D:5)
  A bullfrog (D:5)
  A gnoll sergeant (D:7)
  3 scorpions
  Dowan (D:4)
  10 killer bees
  3 wights (D:4)
  A jelly (D:7)
  A gnoll shaman (D:7)
  A hound (D:6)
  5 orc priests
  Terence (D:2)
  Crazy Yiuf (D:6)
  An iguana (D:4)
  Natasha (thrice) (D:2)
  5 orc wizards (D:5)
  Robin (D:2)
  12 gnolls
  2 adders (D:2)
  A white imp (D:5)
  5 dart slugs
  20 orcs
  4 ball pythons
  5 bats
  4 endoplasms
  3 giant cockroaches
  15 goblins
  7 hobgoblins
  8 kobolds
  5 quokkas
  2 frilled lizards (D:1)
  A rat (D:2)
148 creatures vanquished.

Vanquished Creatures (others)
  An orc (D:8)
  6 plants (D:2)
7 creatures vanquished.

Grand Total: 155 creatures vanquished

Notes
Turn   | Place    | Note
-------+----------+-------------------------------------------
     0 | D:1      | bande the Gargoyle Fighter began the quest for the Orb.
     0 | D:1      | Reached XP level 1. HP: 14/14 MP: 1/1
   131 | D:1      | Found a faded altar of an unknown god.
   198 | D:1      | Reached XP level 2. HP: 19/19 MP: 2/2
   566 | D:2      | Noticed Natasha
   574 | D:2      | Killed Natasha
   575 | D:2      | Reached skill level 2 in Axes
   575 | D:2      | Reached XP level 3. HP: 19/24 MP: 3/3
   746 | D:2      | Reached XP level 4. HP: 26/29 MP: 4/4
   767 | D:2      | Identified a scroll of acquirement
   767 | D:2      | Acquired the +0 pair of boots of a Labyrinth {rPois Str+3
                  | SInv}
   891 | D:2      | Noticed Robin
   903 | D:2      | Killed Robin
  1089 | D:2      | Noticed Natasha
  1097 | D:2      | Killed Natasha
  1098 | D:2      | Reached skill level 3 in Axes
  1098 | D:2      | Reached XP level 5. HP: 22/33 MP: 5/5
  1315 | D:2      | Noticed Terence
  1325 | D:2      | Killed Terence
  1388 | D:2      | Noticed Natasha
  1397 | D:2      | Killed Natasha
  2279 | D:4      | Noticed a black bear
  2294 | D:3      | Reached skill level 4 in Axes
  2494 | D:3      | Killed a black bear
  2495 | D:3      | Reached XP level 6. HP: 20/38 MP: 6/6
  2939 | D:4      | Noticed Eustachio
  2999 | D:4      | Killed Eustachio
  3000 | D:4      | Reached skill level 5 in Axes
  3000 | D:4      | Reached XP level 7. HP: 3/44 MP: 7/7
  3568 | D:4      | Reached skill level 5 in Armour
  3944 | D:4      | Noticed Duvessa
  3945 | D:4      | Noticed Dowan
  3963 | D:4      | Killed Dowan
  3965 | D:4      | Killed Duvessa
  3966 | D:4      | Reached skill level 6 in Axes
  3966 | D:4      | Reached XP level 8. HP: 10/48 MP: 8/8
  4386 | D:4      | Found a staircase to the Ecumenical Temple.
  4399 | Temple   | Entered the Ecumenical Temple
  4587 | Temple   | Became a worshipper of Warmaster Okawaru
  4931 | D:5      | Entered Level 5 of the Dungeon
  4947 | D:5      | Reached skill level 5 in Fighting
  5211 | D:5      | Reached skill level 7 in Axes
  5621 | D:5      | Noticed Blork the orc
  5631 | D:5      | Killed Blork the orc
  5801 | D:6      | Reached * piety under Okawaru
  6496 | D:5      | Reached skill level 1 in Invocations
  6721 | D:6      | Reached XP level 9. HP: 19/55 MP: 8/10
  7083 | D:6      | Found a runed translucent door.
  7084 | D:6      | Noticed Crazy Yiuf
  7430 | D:6      | Killed Crazy Yiuf
  7493 | D:6      | Reached skill level 8 in Axes
  7959 | D:7      | Reached skill level 5 in Shields
  8005 | D:7      | Found a snail-covered altar of Cheibriados.
  8378 | D:6      | Reached ** piety under Okawaru
  8966 | D:7      | Found Duipnin's Jewellery Boutique.
 10790 | D:7      | Slain by a steam dragon

Illustrated notes

Levels and vault maps discovered:
D:1:      tarquinn_simple_flora_water_f, layout_basic,
          hellmonk_ecumenical_altar_run_dry
D:2:      layout_rooms, serial_bayou_ford_a, grunt_decor_junction,
          minmay_distorted, uniq_robin, uniq_natasha, uniq_terence
D:3:      layout_basic
D:4:      nicolae_cairo_tiling, layout_cave_pods, minmay_temple_entry_glass,
          uniq_eustachio, uniq_duvessa
D:5:      layout_rooms, uniq_blork_the_orc
D:6:      layout_basic, uniq_crazy_yiuf_cottage
D:7:      layout_gridville, cheibriados_altar_1, serial_shops,
          kennysheep_mini_moat
D:8:      layout_rooms
Temple:   mainiacjoe_temple_cubbyholes

Skill      XL: |  1  2  3  4  5  6  7  8  9 |
---------------+----------------------------+-----
Axes           | 2 3 4 5 6 7 8 |  8.8
Armour         | 4 5 6 7 |  7.5
Fighting       | 4 5 6 |  6.5
Shields        | 4 5 |  5.4
Invocations    | 1 3 |  3.8

Action                   |  1- 3 |  4- 6 |  7- 9 || total
-------------------------+-------+-------+-------++-------
Melee: War axe           |    63 |   170 |   335 ||   568
  Use: Scroll            |       |     7 |     8 ||    15
       Potion            |       |     4 |     3 ||     7
Armor: Scale mail        |    40 |   107 |   292 ||   439
Dodge: Dodged            |    34 |    83 |   274 ||   391
Block: Buckler           |    16 |    35 |   129 ||   180

Table legend: (Time is in decaauts)
 A = Elapsed time spent in this place.
 B = Non-inter-level travel time spent in this place.
 C = Inter-level travel time spent in this place.
 D = Time resting spent in this place.
 E = Time spent auto-exploring this place.
 F = Levels seen in this place.
 G = Mean time per level.
                   A        B        C        D        E       F      G
               +--------+--------+--------+--------+--------+-----+--------+
         Total |  10927 |  10807 |    120 |   5280 |   3625 |   9 | 1214.1 |
       Dungeon |  10705 |  10585 |    120 |   5280 |   3450 |   8 | 1338.1 |
        Temple |    222 |    222 |      0 |      0 |    175 |   1 |  222.0 |
               +--------+--------+--------+--------+--------+-----+--------+

Top non-repeatable levels by time:
     D:7: 2249 daAuts
     D:4: 2245 daAuts
     D:6: 1685 daAuts
     D:5: 1631 daAuts
     D:2: 1150 daAuts
     D:3: 1128 daAuts
     D:1: 581 daAuts
  Temple: 222 daAuts
     D:8: 32 daAuts
